 Dungeon Crawl Stone Soup version 0.29-a0-923-g6e406bff71 (webtiles) character file.

Game seed: 645724041431450313

38802 BlueGoblin the Marksant (level 14, -6/199 HPs)
             Began as a Formicid Hunter on July 28, 2022.
             Was a High Priest of Ashenzari.
             Mangled by an eight-headed hydra simulacrum (8 damage)
             ... in a Gauntlet.
             The game lasted 00:54:42 (18130 turns).

BlueGoblin the Marksant (Formicid Hunter)          Turns: 18130, Time: 00:54:43

Health: -6/199     AC: 27    Str: 17    XL:     14   Next: 36%
Magic:  0/14       EV:  2    Int:  9    God:    Ashenzari [*****.]
Gold:   702        SH: 10    Dex: 21    Spells: 13/13 levels left

rFire   . . .      SeeInvis +   a - +0 arbalest "Eternal Agnosticism" {venom, Elem, Cun} (curse)
rCold   . . .      Faith    .   L - +3 buckler of the Circumscribed Sky {Cun, Range} (curse)
rNeg    + . .      Spirit   +   (body armour currently unavailable)
rPois   +          Reflect  .   (helmet unavailable)
rElec   .          Harm     .   (cloak currently unavailable)
rCorr   .          Rampage  .   (gloves currently unavailable)
Will    ++...      Clarity  +   (boots currently unavailable)
Stlth   +++.......              v - amulet of the Enlightened Repose {Spirit, Comp, Fort} (curse)
HPRegen 0.43/turn               z - ring of the Mantic Blue Moon {EV+4, Self, Cun} (curse)
MPRegen 0.14/turn               t - ring "Moon of the Cryptic God" {rN+, Melee, Elem} (curse)

@: tree-form
A: stationary, stasis, torment immunity, boosted hp, permanent stasis, dig
shafts and tunnels, (antennae 3), four strong arms, (large bone plates 1),
clarity, strong-willed 1, robust 1
a: Renounce Religion, Curse Item, Shatter the Chains


You were in a Gauntlet.
You worshipped Ashenzari.
Ashenzari was extremely pleased with you.
You were a tree.
You visited 4 branches of the dungeon, and saw 16 of its levels.
You also visited: Gauntlet.

You collected 1360 gold pieces.
You spent 658 gold pieces at shops.

Inventory:

Hand Weapons
 a - the cursed +0 arbalest "Eternal Agnosticism" (weapon) {venom, Elem, Cun}
   (You took it off an orc warrior on level 9 of the Dungeon)

   Any ammunition fired from it poisons the flesh of those it strikes.
   It has a curse which improves the following skills: Elements: Fire Magic, Ice
   Magic, Air Magic and Earth Magic.
   Cunning:   Dodging and Stealth.
 b - the +7 staff of the Meek {protect, meekguard}
   (You found it on level 2 of the Dungeon)

   It grants its wielder temporary protection when it strikes (+7 to AC).
   It provides extra protection to wielders with little health.
 C - a +1 dagger of distortion
 H - a +0 giant spiked club
 M - a +3 scimitar
 Q - a +0 arbalest
Missiles
 s - a throwing net
Armour
 c - the cursed +0 troll leather armour of the Chained Anxiety (melded) {Regen+, Range, Comp}
   (You found it on level 2 of the Orcish Mines)

   Regen:     It increases your rate of health regeneration.
   It has a curse which improves the following skills: Ranged Combat: Ranged
   Weapons and Throwing.
   Companions: Summonings and Necromancy.
 j - the cursed +1 pair of boots of Supernal Wisdom (melded) {Alch, Bglg}
   (You found it on level 1 of the Dungeon)

   It has a curse which improves the following skills: Alchemy: Poison Magic and
   Transmutations.
   Beguiling: Conjurations, Hexes and Translocations.
 m - a +0 buckler
 y - a scarf of repulsion
 A - a +1 leather armour of cold resistance
 G - the cursed +0 cloak of the Bound Morning Star (melded) {Fort, Elem}
   (You found it on level 6 of the Dungeon)

   It has a curse which improves the following skills: Fortitude: Armour and
   Shields.
   Elements:  Fire Magic, Ice Magic, Air Magic and Earth Magic.
 I - a +0 ring mail of cold resistance
 L - the cursed +3 buckler of the Circumscribed Sky (worn) {Cun, Range}
   (You took it off a gnoll sergeant in the Ecumenical Temple)

   It has a curse which improves the following skills: Cunning: Dodging and
   Stealth.
   Ranged Combat: Ranged Weapons and Throwing.
Jewellery
 e - a ring of flight
 n - a ring of protection from cold
 o - a +6 ring of strength
 t - the cursed ring "Moon of the Cryptic God" (right branch) {rN+, Melee, Elem}
   (You found it on level 3 of the Dungeon)

   [ring of positive energy]

   rN:        It protects you from negative energy.
   It has a curse which improves the following skills: Melee Combat: Short
   Blades, Long Blades, Axes, Maces & Flails, Polearms, Staves and Unarmed
   Combat.
   Elements:  Fire Magic, Ice Magic, Air Magic and Earth Magic.
 v - the cursed amulet of the Enlightened Repose (around neck) {Spirit, Comp, Fort}
   (You found it on level 8 of the Dungeon)

   [amulet of guardian spirit]

   It causes incoming damage to be divided between your reserves of health and
   magic.
   It has a curse which improves the following skills: Companions: Summonings
   and Necromancy.
   Fortitude: Armour and Shields.
 z - the cursed ring of the Mantic Blue Moon (left branch) {EV+4, Self, Cun}
   (You found it on level 5 of the Dungeon)

   [ring of evasion]

   EV:        It affects your evasion (+4).
   It has a curse which improves the following skills: Introspection: Fighting
   and Spellcasting.
   Cunning:   Dodging and Stealth.
 J - an amulet of magic regeneration
Wands
 f - a wand of digging (3)
 k - a wand of paralysis (3)
 w - a wand of mindburst (1)
 O - a wand of roots (15)
 P - a wand of flame (15)
Scrolls
 h - 3 scrolls of immolation
 i - 2 scrolls of amnesia
 p - a scroll of poison
 q - 6 scrolls of butterflies
 E - a scroll of fear
 N - a scroll of vulnerability
Potions
 d - 6 potions of curing
 g - 3 potions of resistance
 l - 2 potions of flight
 r - 4 potions of cancellation
 u - 3 potions of mutation
 x - a potion of ambrosia
 D - 4 potions of might
 F - 4 potions of attraction
 K - a potion of brilliance


   Skills:
 + Level 12.1(14.4) Fighting
 + Level 9.4(11.7) Staves
 + Level 16.6(18.8) Ranged Weapons
 + Level 5.0(7.3) Armour
 + Level 6.7(11.2) Dodging
 + Level 2.0(5.2) Stealth
 + Level 6.9(9.3) Shields


You had 13 spell levels left.
You didn't know any spells.
Your spell library contained the following spells:

 Spells                   Type           Power      Damage    Failure   Level
 Sublimation of Blood     Necr           0%         N/A       52%         2
 Static Discharge         Conj/Air       0%         3-3/arc   54%         2
 Ozocubu's Armour         Ice            0%         N/A       75%         3
 Lesser Beckoning         Tloc           0%         N/A       80%         3
 Passage of Golubria      Tloc           0%         N/A       99%         4
 Petrify                  Tmut/Erth      0%         N/A       99%         4
 Irradiate                Conj/Tmut      0%         3d11      100%        5
 Lightning Bolt           Conj/Air       0%         1d11      100%        5
 Manifold Assault         Tloc           0%         N/A       100%        5
 Conjure Ball Lightning   Conj/Air       0%         3x3d6     100%        6
 Dispersal                Tloc           0%         N/A       100%        6
 Ozocubu's Refrigeration  Ice            0%         4d5       100%        7
 Storm Form               Tmut/Air       0%         N/A       100%        7
 Discord                  Hex            0%         N/A       100%        8
 Disjunction              Tloc           0%         N/A       100%        8
 Maxwell's Capacitive Co  Air            0%         ∞         100%        8
 Blink                    Tloc           Unusable   N/A       N/A         2

Dungeon Overview and Level Annotations

Branches:
Dungeon (14/15)            Temple (1/1) D:7            Lair (1/5) D:10
    Orc (2/2) D:9             Elf (0/3) Orc:2       Gauntlet (1/1)
 Vaults: D:13-14

Altars:
Ashenzari
Cheibriados
Dithmenos
Elyvilon
Fedhas
Gozag
Hepliaklqana
Kikubaaqudgha
Makhleb
Nemelex Xobeh
Okawaru
Qazlal
Ru
Sif Muna
Trog
Uskayaw
Vehumet
Wu Jian
Xom
Yredelemnul
Zin
The Shining One

Shops:
Orc:1 (   Orc:2 *!![

Annotations:
Gauntlet 13 transporters, exclusions: 2 lightning spires and oklob plant


Innate Abilities, Weirdness & Mutations

You are a tree.
Your roots penetrate the ground, keeping you stationary.
You cannot be teleported.
You are immune to unholy pain and torment.
Your maximum health is greatly increased.
Your equipment is partially melded.
You cannot be hasted, slowed, berserked, paralysed or teleported.
You can dig through walls and to a lower floor.
((You have a pair of large antennae on your head. (SInv)))
Your four strong arms can wield two-handed weapons with a shield.
((You are partially covered in large bone plates. (SH +4)))
You possess an exceptional clarity of mind.
You are strong-willed. (Will+)
You are robust. (+10% HP)


Message History

The eight-headed hydra simulacrum freezes you!!
The eight-headed hydra simulacrum bites you.
The eight-headed hydra simulacrum freezes you!!
The eight-headed hydra simulacrum bites you but does no damage.
The eight-headed hydra simulacrum barely misses you.
The eight-headed hydra simulacrum bites you but does no damage.
You block the eight-headed hydra simulacrum's attack.
The eight-headed hydra simulacrum completely misses you.
You block the eight-headed hydra simulacrum's attack.
You shoot a bolt.
The bolt hits the eight-headed hydra simulacrum.
The eight-headed hydra simulacrum is lightly damaged.
You block the eight-headed hydra simulacrum's attack. x2
The eight-headed hydra simulacrum barely misses you. x2
The eight-headed hydra simulacrum bites you!
The eight-headed hydra simulacrum freezes you!!
The eight-headed hydra simulacrum closely misses you.
The eight-headed hydra simulacrum completely misses you.
The eight-headed hydra simulacrum misses you.
Unknown command.
Really quaff the potion of lignification?
You turn into a tree.
The cursed +0 cloak of the Bound Morning Star {Fort, Elem} melds into your body.
The cursed +1 pair of boots of Supernal Wisdom {Alch, Bglg} melds into your body.
The cursed +0 troll leather armour of the Chained Anxiety {Regen+, Range, Comp} melds into your body.
Your roots penetrate the ground.
The eight-headed hydra simulacrum bites you.
The eight-headed hydra simulacrum freezes you!
You block the eight-headed hydra simulacrum's attack.
The eight-headed hydra simulacrum bites you!
* * * LOW HITPOINT WARNING * * *
The eight-headed hydra simulacrum freezes you!!
* * * LOW HITPOINT WARNING * * *
The eight-headed hydra simulacrum bites you but does no damage.
The eight-headed hydra simulacrum bites you.
* * * LOW HITPOINT WARNING * * *
The eight-headed hydra simulacrum freezes you!!
* * * LOW HITPOINT WARNING * * *
The eight-headed hydra simulacrum bites you!
You die...

#..........#.#8##.##.#.#.#.......
#..........#.#.........#.#.......
...#########.###########.########
...#©........#≈≈§§8≈≈§≈#........©
############.###########.########
..≈≈...≈.#.#.#.......[[#.#.#...)©
.≈..≈..≈.#.#.#..######?#.#.#.#...
.≈.≈≈.≈≈©#.#.#.##Z...###.#.#.^###
≈.≈...≈.J#.#.#.#♣####.##.#.#..##^
≈..≈.≈.≈J#.#©#.##.©.##.#©#.#....©
.≈.≈≈≈.≈.#.####.####.#.###.#..##^
.≈≈...≈..#...###....##.#...#..###
.≈...≈.≈.#...#©######..#...#.#...
!.≈.©[.≈J#...##........#...#.....
##########...###########...######
...........≈.............≈......©
..........≈8≈...........§8§......


You could see an eight-headed hydra simulacrum.

Vanquished Creatures
  Erolcha (D:9)
  A hydra (D:14)
  2 centaur warriors
  5 ogre magi
  16 two-headed ogres
  Nergalle (D:11)
  Pikel (D:4)
  4 deep elf pyromancers
  2 deep elf zephyrmancers (D:11)
  An orc knight (Orc:1)
  An ugly thing (D:9)
  2 orc sorcerers (D:9)
  3 cyclopes
  Psyche (D:9)
  4 kobold demonologists
  A smoke demon (Gauntlet)
  An unseen horror (D:11)
  A komodo dragon (D:10)
  3 tengu conjurers (D:11)
  3 trolls
  Grinder (D:4)
  3 centaur simulacra (Gauntlet)
  A wraith (D:10)
  Sigmund (D:2)
  2 shadows
  26 yaks
  2 steam dragons
  A warg (Orc:1)
  2 water moccasins
  14 orc warriors
  A swamp drake (D:9)
  2 sky beasts
  3 black bears
  2 ice beasts
  27 ogres
  A lemure (D:4)
  5 centaurs
  5 kobold brigands
  4 scorpions
  3 gnoll sergeants
  3 bullfrogs
  18 wights
  A hornet simulacrum (Gauntlet)
  9 killer bees (D:8)
  5 howler monkeys
  2 crimson imps (Gauntlet)
  8 hounds
  3 jellies
  19 orc priests
  Natasha (D:2)
  6 iguanas
  23 orc wizards
  5 gnolls (D:5)
  7 adders
  2 shadow imps (D:6)
  A howler monkey simulacrum (D:9)
  3 worms
  2 dart slugs
  65 orcs
  12 endoplasms
  2 giant cockroaches
  4 hobgoblins
  17 kobolds
  2 quokkas (D:1)
  6 ball pythons
  6 bats
  4 frilled lizards
  9 goblins
  9 rats
414 creatures vanquished.

Vanquished Creatures (others)
  A fungus (Gauntlet)
  20 plants
21 creatures vanquished.

Grand Total: 435 creatures vanquished

Notes
Turn   | Place    | Note
-------+----------+-------------------------------------------
     0 | D:1      | BlueGoblin the Formicid Hunter began the quest for the Orb.
     0 | D:1      | Reached XP level 1. HP: 16/16 MP: 1/1
   165 | D:1      | Reached XP level 2. HP: 23/23 MP: 2/2
   478 | D:1      | Reached XP level 3. HP: 28/28 MP: 3/3
   872 | D:2      | Noticed Sigmund
   876 | D:2      | Killed Sigmund
   877 | D:2      | Reached skill level 6 in Ranged Weapons
   877 | D:2      | Reached skill level 1 in Armour
   877 | D:2      | Reached XP level 4. HP: 29/35 MP: 4/4
   877 | D:2      | Reached XP level 5. HP: 34/41 MP: 5/5
  1062 | D:2      | Found the +7 staff of the Meek {protect, meekguard}
  1115 | D:2      | Reached XP level 6. HP: 43/47 MP: 6/6
  1340 | D:2      | Noticed Natasha
  1342 | D:2      | Killed Natasha
  1695 | D:3      | Found a faded altar of an unknown god.
  1745 | D:3      | Identified the +6 morningstar "Wayckar" {chaos, rPois rF+
                  | Stlth+}
  2391 | D:4      | Reached skill level 1 in Staves
  2559 | D:4      | Noticed Grinder
  2571 | D:4      | Killed Grinder
  2572 | D:4      | Reached XP level 7. HP: 45/53 MP: 7/7
  2664 | D:4      | Noticed Pikel
  2675 | D:4      | Killed Pikel
  2676 | D:4      | Reached skill level 7 in Ranged Weapons
  2676 | D:4      | Reached XP level 8. HP: 33/61 MP: 8/8
  3107 | D:4      | Found an opulent altar of Gozag.
  3251 | D:4      | Reached skill level 8 in Ranged Weapons
  3454 | D:5      | Entered Level 5 of the Dungeon
  3496 | D:5      | Found a stormy altar of Qazlal.
  3644 | D:5      | Reached skill level 5 in Fighting
  4072 | D:5      | Reached XP level 9. HP: 67/68 MP: 9/9
  4936 | D:6      | Reached skill level 9 in Ranged Weapons
  5655 | D:6      | Reached skill level 5 in Staves
  5900 | D:7      | Found a staircase to the Ecumenical Temple.
  5940 | Temple   | Entered the Ecumenical Temple
  6531 | Temple   | Reached XP level 10. HP: 46/76 MP: 10/10
  6772 | D:7      | Found a sparkling altar of Nemelex Xobeh.
  7382 | D:7      | Found an ancient bone altar of Kikubaaqudgha.
  7402 | D:7      | Found a sacrificial altar of Ru.
  7404 | D:7      | Found an iron altar of Okawaru.
  7503 | D:7      | Found a hazy altar of Hepliaklqana.
  7552 | D:7      | Found a broken altar of Ashenzari.
  7552 | D:7      | Found a radiant altar of Vehumet.
  7552 | D:7      | Found a hide-covered altar of Uskayaw.
  7571 | D:7      | Became a worshipper of Ashenzari the Shackled
  7596 | D:7      | Reached skill level 10 in Ranged Weapons
  9006 | D:8      | Found a glowing silver altar of Zin.
  9534 | D:8      | Noticed a deep elf pyromancer
  9541 | D:8      | Killed a deep elf pyromancer
  9542 | D:8      | Reached XP level 11. HP: 87/87 MP: 11/11
  9587 | D:8      | Identified the +1 hand axe of Plunder {elec, rF+}
 10388 | D:9      | Reached * piety under Ashenzari
 10429 | D:9      | Reached skill level 11 in Ranged Weapons
 10611 | D:9      | Reached ** piety under Ashenzari
 10758 | D:9      | Noticed Psyche
 10764 | D:9      | Killed Psyche
 10782 | D:9      | Identified the cursed +0 cloak of the Bound Morning Star
                  | {Fort, Elem} (You found it on level 6 of the Dungeon)
 11180 | D:9      | Noticed Erolcha
 11188 | D:9      | Killed Erolcha
 11268 | D:9      | Noticed a centaur warrior
 11280 | D:9      | Killed a centaur warrior
 11584 | D:9      | Noticed a cyan ugly thing
 11601 | D:9      | Killed a cyan ugly thing
 11610 | D:9      | Reached skill level 12 in Ranged Weapons
 11611 | D:9      | Noticed a cyclops
 11839 | D:9      | Reached skill level 1 in Shields
 11856 | D:9      | Reached skill level 5 in Dodging
 12176 | D:9      | Killed a cyclops
 12290 | D:9      | Found a staircase to the Orcish Mines.
 12645 | D:9      | Reached *** piety under Ashenzari
 12691 | D:10     | Entered Level 10 of the Dungeon
 12721 | D:10     | Reached XP level 12. HP: 99/99 MP: 12/12
 12783 | D:10     | Found a staircase to the Lair.
 13580 | Orc:1    | Entered Level 1 of the Orcish Mines
 14178 | Orc:1    | Noticed a sun demon
 14351 | D:9      | Reached skill level 13 in Ranged Weapons
 14458 | Orc:1    | Found a bloodstained altar of Trog.
 14508 | Orc:1    | Reached **** piety under Ashenzari
 14528 | Orc:1    | Found Rinaecze's Weapon Shop.
 14743 | Orc:2    | Entered Level 2 of the Orcish Mines
 14751 | Orc:2    | Found a staircase to the Elven Halls.
 15159 | Orc:2    | Noticed an ogre mage
 15522 | Orc:2    | Reached ***** piety under Ashenzari
 15712 | Orc:2    | Killed an ogre mage
 15713 | Orc:2    | Reached skill level 10 in Fighting
 15723 | Orc:2    | Noticed a two-headed ogre
 15731 | Orc:2    | Killed a two-headed ogre
 15753 | Orc:2    | Noticed a two-headed ogre
 15763 | Orc:2    | Killed a two-headed ogre
 15770 | Orc:2    | Noticed a two-headed ogre
 15789 | Orc:2    | Killed a two-headed ogre
 15790 | Orc:2    | Reached skill level 14 in Ranged Weapons
 15821 | Orc:2    | Noticed a two-headed ogre
 15833 | Orc:2    | Noticed a two-headed ogre
 15834 | Orc:2    | Noticed a two-headed ogre
 15897 | Orc:1    | Killed a two-headed ogre
 15898 | Orc:1    | Reached XP level 13. HP: 82/109 MP: 8/13
 16012 | Orc:2    | Noticed an ogre mage
 16015 | Orc:2    | Killed an ogre mage
 16024 | Orc:2    | Reached skill level 5 in Shields
 16033 | Orc:2    | Noticed an ogre mage
 16043 | Orc:2    | Killed an ogre mage
 16072 | Orc:2    | Noticed an ogre mage
 16119 | Orc:2    | Killed an ogre mage
 16120 | Orc:2    | Reached skill level 15 in Ranged Weapons
 16383 | Orc:2    | Found Qoiluw's Distillery.
 16383 | Orc:2    | Found Puashroug's General Store.
 16383 | Orc:2    | Found Fenef's Armour Boutique.
 16383 | Orc:2    | Found Diuf's Distillery.
 16391 | Orc:2    | Bought a potion of mutation for 96 gold pieces
 16391 | Orc:2    | Bought a scroll of brand weapon for 114 gold pieces
 16392 | Orc:2    | Bought 2 potions of mutation for 224 gold pieces
 16394 | Orc:2    | Bought 2 potions of mutation for 224 gold pieces
 16396 | Orc:2    | Gained mutation: You occasionally shout uncontrollably at
                  | your foes. [potion of mutation]
 16396 | Orc:2    | Gained mutation: You are robust. (+10% HP) [potion of
                  | mutation]
 16396 | Orc:2    | Gained mutation: Your muscles are strong. (Str +4, Int/Dex
                  | -1) [potion of mutation]
 16398 | Orc:2    | Lost mutation: You occasionally shout uncontrollably at
                  | your foes. [potion of mutation]
 16398 | Orc:2    | Lost mutation: Your muscles are strong. (Str +4, Int/Dex
                  | -1) [potion of mutation]
 16398 | Orc:2    | Gained mutation: You are covered in fur. (AC +1) [potion of
                  | mutation]
 16398 | Orc:2    | Gained mutation: You occasionally lose the ability to drink
                  | potions when taking damage. [potion of mutation]
 16399 | Orc:2    | Lost mutation: You are covered in fur. (AC +1) [potion of
                  | mutation]
 16399 | Orc:2    | Lost mutation: You occasionally lose the ability to drink
                  | potions when taking damage. [potion of mutation]
 16399 | Orc:2    | Gained mutation: You are partially covered in iridescent
                  | scales. (AC +2) [potion of mutation]
 16399 | Orc:2    | Gained mutation: You occasionally shout uncontrollably at
                  | your foes. [potion of mutation]
 16399 | Orc:2    | Gained mutation: You are somewhat resistant to further
                  | mutation. [potion of mutation]
 16400 | Orc:2    | Lost mutation: You occasionally shout uncontrollably at
                  | your foes. [potion of mutation]
 16400 | Orc:2    | Lost mutation: You are partially covered in iridescent
                  | scales. (AC +2) [potion of mutation]
 16400 | Orc:2    | Lost mutation: You are somewhat resistant to further
                  | mutation. [potion of mutation]
 16400 | Orc:2    | Gained mutation: You are partially covered in large bone
                  | plates. (SH +4) [potion of mutation]
 16400 | Orc:2    | Gained mutation: You are strong-willed. (Will+) [potion of
                  | mutation]
 16400 | Orc:2    | Gained mutation: You possess an exceptional clarity of
                  | mind. [potion of mutation]
 16767 | Lair:1   | Entered Level 1 of the Lair of Beasts
 16791 | D:11     | Noticed a centaur warrior
 16793 | D:11     | Killed a centaur warrior
 16923 | D:11     | Noticed Nergalle
 16935 | D:11     | Killed Nergalle
 16938 | D:11     | Reached skill level 16 in Ranged Weapons
 16946 | D:11     | Reached XP level 14. HP: 130/130 MP: 14/14
 16950 | D:11     | Reached skill level 5 in Armour
 16986 | D:11     | Identified the +1 leather armour of the Salamander {Rampage
                  | Int+6 SInv Stlth-}
 17154 | D:11     | Identified the Directory of Displacement
 17198 | D:11     | Found a shimmering blue altar of Sif Muna.
 17265 | D:11     | Noticed a deep elf demonologist
 17265 | D:11     | Identified the Reference Book on the Snowflakes and the
                  | Atmosphere
 17267 | D:11     | Noticed an Ice Fiend
 17281 | D:11     | You fall into a shaft and drop 3 floors!
 17453 | D:14     | Found a gate leading to a gauntlet.
 17613 | Gauntlet | Entered a Gauntlet
 17613 | Gauntlet | Found a transporter.
 17613 | Gauntlet | Found a transporter.
 17617 | Gauntlet | Found a transporter.
 17617 | Gauntlet | Found a transporter.
 17635 | Gauntlet | Found a transporter.
 17635 | Gauntlet | Found the +3 salamander hide armour {Flames rF++ rC--}
 17635 | Gauntlet | Identified the +2 hat of the Blue Moon {rF+ Regen+}
 17644 | Gauntlet | Noticed a quicksilver ooze
 17645 | Gauntlet | Found a transporter.
 17645 | Gauntlet | Found a transporter.
 17649 | Gauntlet | Found a transporter.
 17652 | Gauntlet | Noticed a reaper
 17654 | Gauntlet | Identified the ring of the Snail {rPois rC+ MP+9}
 17676 | Gauntlet | Found a transporter.
 17683 | Gauntlet | Found a transporter.
 17701 | Gauntlet | Identified the +2 cloak "Deurchim" {Drain Fly rC++ Dex+4}
 17701 | Gauntlet | Identified the +2 kite shield "Miela" {Will+ Int-5 Dex+3}
 17703 | Gauntlet | Found a transporter.
 17736 | Gauntlet | Found a transporter.
 17756 | Gauntlet | Found a transporter.
 17840 | Gauntlet | Found a transporter.
 17850 | Gauntlet | Found a transporter.
 17864 | Gauntlet | Found a transporter.
 18130 | Gauntlet | HP: 2/199 [eight-headed hydra simulacrum (28)]
 18130 | Gauntlet | Mangled by an eight-headed hydra simulacrum

Illustrated notes

Levels and vault maps discovered:
D:1:      dreamdust_arrival_beginning_and_end, layout_loops_cross,
          roderic_roman_lattice
D:2:      layout_basic, uniq_sigmund, uniq_natasha
D:3:      minmay_general_purpose_star, layout_loops_ring,
          dreamdust_ecumenical_altar_statues, minivault_23,
          hangedman_abyss_or_decor_lesser_grid
D:4:      layout_loops_ring, grunt_gozag_statues, st_stairs_10,
          kennysheep_donut, minmay_box_of_dots, uniq_grinder, uniq_pikel
D:5:      mumra_celtic_spiral_tile, layout_basic, old_standard_altar,
          hex_intersection, minmay_misc_feat_chi, nrook_mini_vaults
D:6:      minmay_chambers_of_threes, layout_loops_cross
D:7:      layout_gridville, lemuel_tele_altar, grunt_temple_overflow_open,
          minmay_temple_entry_gardened_gates, minmay_checkerbox
D:8:      layout_loops_cross, zin_scriptorium, grunt_ministairs_7,
          nicolae_kite_square_tiling_tiny, eino_jars
D:9:      layout_grid_maze, erik_orc_1, minmay_misc_feat_roman,
          minmay_fractal_squares_gapless_7, uniq_psyche, uniq_erolcha
D:10:     layout_basic, david_lair_shrubbed
D:11:     evilmike_library_of_no_secrets, layout_basic, uniq_nergalle
D:14:     layout_basic, gauntlet_entry_generic, minmay_misc_feat_pillars,
          minmay_beelzebubs_servants
Temple:   nicolae_temple_bog_church
Lair:1:   layout_regular_city, lemuel_fruit_tree
Orc:1:    layout_caves, serial_shops, nicolae_shop_behind_doors,
          trog_butcher_becter
Orc:2:    st_orc_ogre_mass, layout_diamond_mine
Gauntlet: gammafunk_gauntlet_branching [gammafunk_gauntlet_arena_chambers,
          nicolae_gauntlet_arena_blocks, gammafunk_gauntlet_arena_crates,
          gammafunk_gauntlet_arena_arrow_garden,
          gammafunk_gauntlet_arena_spirals, nicolae_gauntlet_arena_grate_2,
          gammafunk_gauntlet_arena_teeth, nicolae_gauntlet_arena_flowing_pool,
          dreamdust_gauntlet_exit_labyrinth]

Skill      XL: |  1  2  3  4  5  6  7  8  9 10 11 12 13 14 |
---------------+-------------------------------------------+-----
Fighting       | 3 4 5 6 8 9 10 11 12 | 12.1
Ranged Weapons | 6 7 8 9 10 12 14 16 | 16.6
Armour         | 1 2 3 4 5 |  5.0
Dodging        | 2 3 4 5 6 |  6.7
Staves         | 1 3 4 5 8 9 |  9.4
Shields        | 1 4 5 6 |  6.9
Stealth        | 2 |  2.0

Action                   |  1- 3 |  4- 6 |  7- 9 | 10-12 | 13-15 || total
-------------------------+-------+-------+-------+-------+-------++-------
Melee: Quarterstaff      |       |    22 |   121 |   221 |       ||   364
       Punch             |       |       |     4 |     4 |       ||     8
 Fire: Shortbow          |    66 |    57 |   146 |   210 |       ||   479
       Longbow           |       |       |       |    39 |       ||    39
       Arbalest          |       |       |       |   252 |   283 ||   535
Invok: Curse Item        |       |       |       |     7 |     1 ||     8
 Abil: Dig               |       |       |       |     2 |       ||     2
       Shaft Self        |       |       |       |       |     1 ||     1
Evoke: Wand              |       |       |       |     2 |       ||     2
  Use: Scroll            |     5 |     2 |       |    12 |     1 ||    20
       Potion            |       |       |     3 |     4 |     5 ||    12
Armor: Leather armour    |     7 |     8 |    78 |   106 |       ||   199
       Skin              |       |       |       |    16 |     1 ||    17
       Troll leather arm |       |       |       |       |    11 ||    11
Dodge: Dodged            |    12 |    26 |   130 |   364 |    99 ||   631
Block: Buckler           |       |       |       |    91 |    75 ||   166

Table legend: (Time is in decaauts)
 A = Elapsed time spent in this place.
 B = Non-inter-level travel time spent in this place.
 C = Inter-level travel time spent in this place.
 D = Time resting spent in this place.
 E = Time spent auto-exploring this place.
 F = Levels seen in this place.
 G = Mean time per level.
                   A        B        C        D        E       F      G
               +--------+--------+--------+--------+--------+-----+--------+
         Total |  18222 |  17494 |    728 |   3738 |   9859 |  17 | 1071.9 |
       Dungeon |  14099 |  13511 |    588 |   2486 |   8534 |  12 | 1174.9 |
        Temple |    726 |    709 |     17 |    482 |    164 |   1 |  726.0 |
          Lair |      1 |      1 |      0 |      0 |      0 |   1 |    1.0 |
  Orcish Mines |   2877 |   2754 |    123 |    730 |    916 |   2 | 1438.5 |
      Gauntlet |    517 |    517 |      0 |     40 |    245 |   1 |  517.0 |
               +--------+--------+--------+--------+--------+-----+--------+

Top non-repeatable levels by time:
     D:9: 2670 daAuts
     D:8: 1925 daAuts
   Orc:2: 1857 daAuts
     D:7: 1523 daAuts
     D:6: 1514 daAuts
     D:4: 1255 daAuts
     D:5: 1037 daAuts
   Orc:1: 1020 daAuts
     D:3: 979 daAuts
    D:10: 917 daAuts
     D:1: 891 daAuts
  Temple: 726 daAuts
     D:2: 543 daAuts
Gauntlet: 517 daAuts
    D:11: 507 daAuts
